 Dungeon Crawl Stone Soup version 0.18.1-8-gdd0e5ea (webtiles) character file.

233 Metae the Covered (level 5, -10/48 HPs)
             Began as a Minotaur Fighter on June 7, 2016.
             Mangled by Menkaure (20 damage)
             ... on level 4 of the Dungeon on June 8, 2016.
             The game lasted 00:18:12 (2853 turns).

Metae the Covered (Minotaur Fighter)                Turns: 2853, Time: 00:18:12

Health: -10/48     AC:  7    Str: 21    XL:     5   Next: 75%
Magic:  0/4        EV: 12    Int:  5    God:
Gold:   138        SH:  9    Dex: 10    Spells: 0 memorised, 4 levels left

rFire  . . .     SeeInvis +     a - +0 war axe
rCold  . . .     Gourm    .     b - +0 scale mail
rNeg   . . .     Faith    .     c - +0 shield
rPois  .         Spirit   +     (helmet restricted)
rElec  .         Dismiss  .     (no cloak)
rCorr  .         Reflect  .     (no gloves)
SustAt .         Harm     .     (no boots)
MR     .....                    s - amulet of guardian spirit
Stlth  ..........               y - +5 ring of evasion
                                p - ring of see invisible

@: not resistant to hostile enchantments, extremely unstealthy
A: retaliatory headbutt, horns 2
a: no special abilities


You were on level 4 of the Dungeon.
You were not hungry.

You visited 1 branch of the dungeon, and saw 4 of its levels.

You collected 138 gold pieces.

Inventory:

Hand Weapons
 a - a +0 war axe (weapon)
 x - a +0 hand axe
Armour
 b - a +0 scale mail (worn)
 c - a +0 shield (worn)
 j - a +0 ring mail
 C - a +1 helmet
Jewellery
 p - a ring of see invisible (left hand)
 s - an amulet of guardian spirit (around neck)
 y - a +5 ring of evasion (right hand)
Scrolls
 e - a scroll of immolation {unknown}
 h - 2 scrolls of identify
 i - a scroll of enchant weapon {unknown}
 k - a scroll of magic mapping {unknown}
 m - a scroll of enchant armour {unknown}
 n - 2 scrolls of teleportation {unknown}
 u - a scroll of recharging {unknown}
 v - 3 scrolls of noise {unknown}
 w - a scroll of fear {unknown}
Potions
 d - a potion of might
 l - 2 potions of mutation {unknown}
 o - a potion of flight {unknown}
 q - a potion of curing
 t - a potion of heal wounds {unknown}
 z - a potion of degeneration {unknown}
 B - a potion of cure mutation {unknown}
Comestibles
 f - a bread ration
 g - 6 beef jerkies
 r - a meat ration
 A - 4 chunks of flesh


   Skills:
 * Level 5.3 Fighting
 + Level 3.3 Axes
 * Level 5.7 Armour
 + Level 4.4 Shields


You had 4 spell levels left.
You didn't know any spells.

Dungeon Overview and Level Annotations

Branches:
Dungeon (4/15)
 Temple: D:4-7

Altars:
Dithmenos

Annotations:
D:4 Menkaure


Innate Abilities, Weirdness & Mutations

You reflexively headbutt those who attack you in melee.
You have a pair of horns on your head.


Message History

a hand axe; a leather armour; an orc corpse
Found a shiny shield.
Menkaure mumbles some strange words.
Menkaure seems to speed up.
Menkaure calls on the powers of darkness!
Your body is wracked with pain!
Some of the chunks of flesh in your inventory have rotted away.
You barely miss Menkaure. Menkaure barely misses you. You furiously retaliate!
You headbutt Menkaure. Menkaure closely misses you.
A worker ant comes into view.
The worker ant twitches its antennae in your direction.
You slash Menkaure!
You headbutt Menkaure, but do no damage.
Menkaure is heavily damaged.
Menkaure hits you!
* * * LOW HITPOINT WARNING * * *
Menkaure hits you!
* * * LOW HITPOINT WARNING * * *
You feel better. Menkaure hits you!!
You die...

........# ........# #.....+
#.......###### #...[.#
#............. ......#
#.......###### .....####
...........## .........
........##..# ##.....>.#
.......####.######.........
................@M..........
..........##..####...a......
........#...................
........#####...............
..........####..............
.............<..............
##..#.....###.............).
.#..###.##.(................
.#..###.....................


You could see Menkaure and a worker ant.

Vanquished Creatures
  2 orc priests
  An orc wizard (D:4)
  A worker ant (D:4)
  4 adders
  3 dart slugs
  11 orcs
  A giant cockroach (D:4)
  7 goblins
  5 hobgoblins
  12 jackals
  A quokka (D:2)
  3 ball pythons
  A bat (D:1)
  5 giant newts
  12 kobolds
  3 rats
  A bush (D:3)
73 creatures vanquished.

Notes
Turn   | Place    | Note
--------------------------------------------------------------
     0 | D:1      | Metae the Minotaur Fighter began the quest for the Orb.
     0 | D:1      | Reached XP level 1. HP: 19/19 MP: 0/0
   207 | D:1      | Reached XP level 2. HP: 26/27 MP: 1/1
   525 | D:1      | Reached XP level 3. HP: 34/34 MP: 2/2
   915 | D:2      | You fall through a shaft for 2 floors!
  1192 | D:3      | Reached XP level 4. HP: 41/41 MP: 3/3
  1236 | D:3      | Found a shadowy altar of Dithmenos.
  2084 | D:3      | Reached skill level 5 in Armour
  2173 | D:4      | Noticed Menkaure
  2587 | D:4      | Reached XP level 5. HP: 46/47 MP: 4/4
  2596 | D:4      | Reached skill level 5 in Fighting
  2852 | D:4      | HP: 1/48 [Menkaure (11)]
  2853 | D:4      | Mangled by Menkaure

Skill      XL: |  1  2  3  4  5 |
---------------+----------------+-----
Armour         | 4 5 |  5.7
Fighting       | 4 5 |  5.3
Shields        | 4 |  4.4
Axes           | 3 |  3.3

Action                   |  1- 3 |  4- 6 || total
-------------------------+-------+-------++-------
Melee: War axe           |    95 |   115 ||   210
       Headbutt          |    19 |    31 ||    50
  Use: Scroll            |       |     1 ||     1
       Potion            |       |     1 ||     1
  Eat: Chunk             |     1 |     4 ||     5
       Beef jerky        |       |     1 ||     1
Armor: Scale mail        |    42 |    28 ||    70
Dodge: Dodged            |    37 |    21 ||    58
Block: Shield            |    62 |    47 ||   109
